 Dungeon Crawl Stone Soup version 0.29-a0-275-g389c0b56f3 (webtiles) character file.

Game seed: 14983707458940888400

335 flyleaff the Ruffian (level 6, -2/61 HPs)
             Began as a Troll Monk on Mar 13, 2022.
             Slain by Grinder (4 damage)
             ... on level 5 of the Dungeon.
             The game lasted 00:07:37 (2782 turns).

flyleaff the Ruffian (Troll Monk)                   Turns: 2782, Time: 00:07:38

Health: -2/61      AC:  6    Str: 22    XL:     6   Next: 28%
Magic:  5/5        EV: 10    Int:  6    God:
Gold:   207        SH:  0    Dex: 12    Spells: 5/5 levels left

rFire   + . .      SeeInvis .     - Unarmed
rCold   . . .      Faith    .   i - orb {*channel}
rNeg    . . .      Spirit   .   a - +0 robe
rPois   .          Reflect  .   (helmet restricted)
rElec   .          Harm     .   c - +1 cloak
rCorr   .          Rampage  .   (gloves unavailable)
Will    .....                   (boots unavailable)
Stlth   ++........              m - amulet of regeneration
HPRegen 1.80/turn               n - ring of protection from fire
MPRegen 0.09/turn               (no ring)

@: no status effects
A: large, unfitting armour, claws 3, regeneration 1, shaggy fur 1, tough skin 1
a: no special abilities


You were on level 5 of the Dungeon.
You visited 1 branch of the dungeon, and saw 5 of its levels.

You collected 207 gold pieces.

Inventory:

Hand Weapons
 h - a +4 quarterstaff of chaos
Missiles
 o - 6 curare-tipped darts (quivered)
Armour
 a - a +0 robe (worn)
 c - a +1 cloak (worn)
 i - an orb of energy (worn)
Jewellery
 m - an amulet of regeneration (around neck)
 n - a ring of protection from fire (left claw)
Scrolls
 d - a scroll of identify {unknown}
 g - 2 scrolls of blinking {unknown}
 j - a scroll of enchant armour {unknown}
 k - 2 scrolls of teleportation {unknown}
 p - a scroll of noise {unknown}
Potions
 b - a potion of ambrosia
 f - 2 potions of attraction {unknown}
 l - a potion of flight {unknown}


   Skills:
 - Level 3.0 Fighting
 - Level 1.4 Armour
 - Level 3.0 Dodging
 - Level 1.0 Stealth
 - Level 3.5 Unarmed Combat
 + Level 3.4 Evocations


You had 5 spell levels left.
You didn't know any spells.
Your spell library contained the following spells:

 Spells                   Type           Power      Damage    Failure   Level
 Gell's Gravitas          Tloc           0%         N/A       83%         3
 Lesser Beckoning         Tloc           0%         N/A       83%         3
 Teleport Other           Tloc           0%         N/A       83%         3
 Iskenderun's Battlesphe  Conj           0%         2d6       100%        5
 Iron Shot                Conj/Erth      0%         9d1       100%        6
 Spellforged Servitor     Conj/Summ      0%         N/A       100%        7
 Borgnjor's Revivificati  Necr           0%         N/A       100%        8
 Necromutation            Tmut/Necr      0%         N/A       100%        8
 Death's Door             Necr           0%         N/A       100%        9


Dungeon Overview and Level Annotations

Branches:
Dungeon (5/15)
 Temple: D:4-7

Altars:
Ru

Shops:
D:4 (

Annotations:
D:5 Grinder


Innate Abilities, Weirdness & Mutations

You are too large for most types of armour.
You have claws for hands.
Your natural rate of healing is unusually fast.
You are covered in fur. (AC +1)
You have tough skin. (AC +1)


Message History

You closely miss the orc.
The orc is almost dead.
You feel less invigorated.
You feel less confused.
The orc hits you but does no damage. x2; Grinder blinks!
Unknown command.
Unknown command.
Unknown command.
Unknown command.
You claw the orc!
You kill the orc!
The orc hits you with a +0 club.
Unknown command.
Unknown command.
You barely miss the orc. The orc hits you with a +0 club.
Unknown command.
Unknown command.
Unknown command.
Unknown command.
Unknown command.
It was a potion of curing.
You feel better. The orc hits you with a +0 club. Grinder hits you.
You writhe in agony.
You barely miss the orc. The orc hits you with a +0 club.
Grinder closely misses you.
You closely miss the orc. The orc hits you but does no damage.
Grinder misses you.
You claw the orc!
You kill the orc!
Grinder hits you but does no damage.
You scratch Grinder but do no damage. Grinder gestures at you.
Pain shoots through your body!
You barely miss Grinder. Grinder gestures at you.
Pain shoots through your body!
* * * LOW HITPOINT WARNING * * *
You barely miss Grinder. Grinder hits you!
* * * LOW HITPOINT WARNING * * *
You writhe in agony.
You die...

.............
#..........#.###
##.#........<....
#...............
#...........#.#
......$.......###
..)....$.))......
........))#
....#...@# .
#.#.5# #.#..#
#<#..# #.#..#
#.#..# #.#..#
#.#..# #..


You could see Grinder.

Vanquished Creatures
  3 hounds (D:4)
  Crazy Yiuf (D:2)
  2 iguanas (D:4)
  4 gnolls
  4 adders
  An ufetubus (D:4)
  A dart slug (D:4)
  9 orcs
  6 bats (D:2)
  7 endoplasms
  5 goblins
  10 hobgoblins
  4 quokkas
  6 ball pythons
  4 frilled lizards
  5 kobolds
  9 rats
81 creatures vanquished.

Notes
Turn   | Place    | Note
-------+----------+-------------------------------------------
     0 | D:1      | flyleaff the Troll Monk began the quest for the Orb.
     0 | D:1      | Reached XP level 1. HP: 22/22 MP: 0/0
   106 | D:1      | Reached XP level 2. HP: 29/29 MP: 1/1
   328 | D:1      | Reached XP level 3. HP: 36/36 MP: 2/2
   466 | D:1      | Reached skill level 1 in Armour
   705 | D:1      | Found a faded altar of an unknown god.
   848 | D:2      | Found a sacrificial altar of Ru.
  1009 | D:2      | Found a runed translucent door.
  1010 | D:2      | Noticed Crazy Yiuf
  1259 | D:2      | Killed Crazy Yiuf
  1260 | D:2      | Reached XP level 4. HP: 25/45 MP: 3/3
  1863 | D:3      | Reached skill level 1 in Evocations
  2160 | D:4      | Reached XP level 5. HP: 53/53 MP: 4/4
  2452 | D:4      | Reached XP level 6. HP: 60/61 MP: 5/5
  2548 | D:4      | Found Yfouhyts's Weapon Shoppe.
  2743 | D:5      | Entered Level 5 of the Dungeon
  2746 | D:5      | Noticed Grinder
  2749 | D:5      | Paralysed by Grinder for 7 turns
  2760 | D:5      | Paralysed by Grinder for 3 turns
  2782 | D:5      | HP: 2/61 [Grinder (8)]
  2782 | D:5      | Slain by Grinder

Illustrated notes

Levels and vault maps discovered:
D:1:      lemuel_arrival_behind_the_door_small, layout_basic,
          shapermc_ecumenical_altar_notcrosses, minmay_misc_feat_diagonals,
          serial_bayou_crossing
D:2:      layout_rooms, basic_altar, uniq_crazy_yiuf_cottage
D:3:      layout_basic
D:4:      layout_rooms, serial_shops, nicolae_lakefront_shop
D:5:      layout_loops_ring, lemuel_crystal_altar, jmf_multi_god_temple,
          gammafunk_ghost_necromancy, kennysheep_generic_room_3,
          uniq_prince_ribbit1, uniq_grinder, uniq_menkaure

Skill      XL: |  1  2  3  4  5 |
---------------+----------------+-----
Armour         | 1 |  1.4
Fighting       | 3 |  3.0
Dodging        | 3 |  3.0
Evocations     | 1 3 |  3.4
Stealth        | |  1.0
Unarmed Combat | |  3.5

Action                   |  1- 3 |  4- 6 || total
-------------------------+-------+-------++-------
Melee: Unarmed           |   114 |   123 ||   237
       Punch             |     1 |       ||     1
  Use: Potion            |       |     2 ||     2
 Stab: Sleeping          |     3 |     3 ||     6
Armor: Robe              |    39 |    50 ||    89
Dodge: Dodged            |    45 |    79 ||   124

Table legend: (Time is in decaauts)
 A = Elapsed time spent in this place.
 B = Non-inter-level travel time spent in this place.
 C = Inter-level travel time spent in this place.
 D = Time resting spent in this place.
 E = Time spent auto-exploring this place.
 F = Levels seen in this place.
 G = Mean time per level.
                   A        B        C        D        E       F      G
               +--------+--------+--------+--------+--------+-----+--------+
         Total |   2770 |   2650 |    120 |      0 |   2067 |   5 |  554.0 |
       Dungeon |   2770 |   2650 |    120 |      0 |   2067 |   5 |  554.0 |
               +--------+--------+--------+--------+--------+-----+--------+

Top non-repeatable levels by time:
     D:3: 793 daAuts
     D:1: 782 daAuts
     D:4: 586 daAuts
     D:2: 569 daAuts
     D:5: 37 daAuts
